 Dungeon Crawl Stone Soup version 0.32-a0-868-g153ae1a8d6 (webtiles) character file.

Game seed: 10572348402178156381

1655804 Einwand the Englaciator (level 27, 201/201 HPs)
             Began as a Formicid Earth Elementalist on Mar 29, 2024.
             Was the Champion of Vehumet.
             Escaped with the Orb
             ... and 3 runes!
             The game lasted 03:52:45 (72725 turns).

Einwand the Englaciator (FoEE)                     Turns: 72725, Time: 03:52:46

Health: 201/201    AC: 24    Str: 17    XL:     27
Magic:  62/62      EV: 16    Int: 31    God:    Vehumet [******]
Gold:   5284       SH: 27    Dex: 14    Spells: 25/70 levels left

rFire   + + +        b - staff of cold
rCold   + + +        I - +5 kite shield
rNeg    + . .        U - quicksilver dragon scales
rPois   +            (helmet unavailable)
rElec   +            W - scarf {rC+ rF+}
rCorr   +            D - +2 pair of gloves {Dex+3}
SInv    +            e - +5 pair of boots of Vampiric Thralls {Stlth+}
Will    ++...        T - amulet "Uwkuadok" {Reflect rC+ Regen+ SH+5}
Stlth   +            R - ring of Ruluaxur {^Contam rElec rF+ rCorr MP+9}
HPRegen 1.33/turn    S - ring "Guloc" {rN+ Will+ MP+9 Int+3 Slay+3}
MPRegen 0.38/turn

%: reflection
@: mighty, brilliant, silenced, resistant, weak-willed, enlightened, flying,
studying 5 skills, invisible
A: permanent stasis, dig shafts and tunnels, antennae 3, four strong arms, large
bone plates 1, clumsy 1, cold resistance 2, deterioration 1, low MP 1, strong 1
0: Orb of Zot
}: 3/15 runes: decaying, serpentine, silver
a: Dig, Shaft Self, Renounce Religion


You escaped.
You worshipped Vehumet.
Vehumet was exalted by your worship.
You visited 10 branches of the dungeon, and saw 50 of its levels.
You visited 1 ziggurat, and saw 7 of its levels.
You also visited: Ossuary, Ice Cave and Wizlab.

You collected 8903 gold pieces.
You spent 3619 gold pieces at shops.

Inventory:

Hand Weapons
 w - the +7 quarterstaff of Analysis {venom, rElec rF++ Will- rCorr}
   (You found it on level 6 of the Dungeon)

   rF++:      It greatly protects you from fire.
   rElec:     It insulates you from electricity.
   Will-:     It decreases your willpower.
   rCorr:     It protects you from acid and corrosion.
Armour
 e - the +5 pair of boots of Vampiric Thralls (worn) {Stlth+}
   (You acquired it on level 15 of the Dungeon)

   Stlth+:    It makes you more stealthy.
 n - the +2 cloak of Theory {rPois rCorr}
   (You found it in a wizard's laboratory)

   rPois:     It protects you from poison.
   rCorr:     It protects you from acid and corrosion.
 D - a +2 pair of gloves of dexterity (worn)
 I - a +5 kite shield (worn)
 U - quicksilver dragon scales (worn)
 W - a scarf of resistance (worn)
Magical Staves
 a - a staff of earth
 b - a staff of cold (weapon)
Jewellery
 R - the ring of Ruluaxur (left hand) {^Contam rElec rF+ rCorr MP+9}
   (You found it on level 2 of the Depths)

   [ring of protection from fire]

   rF+:       It protects you from fire.
   rElec:     It insulates you from electricity.
   MP+9:      It affects your magic capacity (+9).
   ^Contam:   It causes magical contamination when unequipped.
   rCorr:     It protects you from acid and corrosion.
 S - the ring "Guloc" (right hand) {rN+ Will+ MP+9 Int+3 Slay+3}
   (You found it in an ice cave)

   [ring of positive energy]

   Int+3:     It affects your intelligence (+3).
   Slay+3:    It affects your accuracy & damage with ranged weapons and melee
   (+3).
   rN+:       It protects you from negative energy.
   Will+:     It increases your willpower.
   MP+9:      It affects your magic capacity (+9).
 T - the amulet "Uwkuadok" (around neck) {Reflect rC+ Regen+ SH+5}
   (You bought it in a shop on level 2 of the Orcish Mines)

   [amulet of reflection]

   Reflect:   It reflects blocked missile attacks.
   rC+:       It protects you from cold.
   Regen+:    It increases your rate of health regeneration.
   SH+5:      It affects your SH (+5).
Talismans
 G - a talisman of death
Wands
 t - a wand of roots (36)
 y - a wand of quicksilver (39)
 B - a wand of mindburst (27)
 J - a wand of digging (54)
 L - a wand of charming (82)
Scrolls
 c - 14 scrolls of fear
 d - 8 scrolls of revelation
 f - 12 scrolls of vulnerability
 i - 4 scrolls of brand weapon
 l - 2 scrolls of butterflies
 o - a scroll of silence
 p - 2 scrolls of immolation
 x - 7 scrolls of fog
 E - 9 scrolls of enchant weapon
 K - 28 scrolls of identify
 O - 15 scrolls of amnesia
 V - 2 scrolls of enchant armour
 Y - a scroll of poison
Potions
 g - 6 potions of cancellation
 j - 7 potions of resistance
 m - 10 potions of mutation
 q - 8 potions of magic
 s - 21 potions of curing
 u - 4 potions of ambrosia
 v - 11 potions of might
 z - 9 potions of brilliance
 A - 4 potions of enlightenment
 C - 14 potions of heal wounds
 X - a potion of invisibility
Miscellaneous
 h - a tin of tremorstones (2/2)
 k - a lightning rod (4/4)
 r - a Gell's gravitambourine (2/2)
 Q - a box of beasts
 Z - a phantom mirror (quivered)


   Skills:
 + Level 13.5 Fighting
 - Level 0.4 Short Blades
 - Level 10.0 Staves
 + Level 13.5 Armour
 - Level 15.2 Dodging
 - Level 8.0 Stealth
 - Level 15.0 Shields
 + Level 22.0 Spellcasting
 - Level 14.0 Conjurations
 - Level 6.0 Necromancy
 O Level 27 Ice Magic
 + Level 25.0 Earth Magic
 - Level 10.0 Evocations


You had 25 spell levels left.
You knew the following spells:

 Your Spells              Type           Power      Damage    Failure   Level
a - Stone Arrow           Conj/Erth      100%       3d13      0%          3
b - Borgnjor's Vile Clut  Necr/Erth      57%        N/A       1%          5
d - Permafrost Eruption   Ice/Erth       82%        2x4d22    0%          6
l - Lee's Rapid Deconstr  Erth           68%        3d31*     0%          5
v - Polar Vortex          Ice            83%        12d11*    1%          9
w - Passwall              Erth           100%       N/A       0%          3
B - Iskenderun's Battles  Conj           100%       2d15      1%          5
S - Shatter               Erth           68%        3d50*     2%          9

Your spell library contained the following spells:

 Spells                   Type           Power      Damage    Failure   Level
 Fire Storm               Conj/Fire      43%        8d11      100%        9
 Freeze                   Ice            100%       1d10      0%          1
 Sandblast                Erth           100%       2d20      0%          1
 Ensorcelled Hibernation  Hex/Ice        100%       N/A       0%          2
 Frozen Ramparts          Ice            100%       1d16      0%          3
 Hailstorm                Conj/Ice       100%       3d16      0%          3
 Ozocubu's Armour         Ice            100%       N/A       0%          3
 Brom's Barrelling Bould  Conj/Erth      100%       2d11      0%          4
 Necrotise                Necr           100%       1d9       1%          1
 Sting                    Conj/Alch      100%       1d9       1%          1
 Cigotuvi's Dreadful Rot  Necr/Alch/Air  100%       N/A       1%          2
 Mercury Vapours          Alch/Air       100%       N/A       1%          2
 Momentum Strike          Conj/Tloc      100%       3d10      1%          2
 Scorch                   Fire           100%       2d9       1%          2
 Sublimation of Blood     Necr           82%        N/A       1%          2
 Dazzling Flash           Conj/Hex       100%       N/A       1%          3
 Mephitic Cloud           Conj/Alch/Air  76%        N/A       1%          3
 Summon Ice Beast         Ice/Summ       100%       N/A       1%          3
 Vampiric Draining        Necr           82%        2d11      1%          3
 Animate Armour           Summ/Erth      100%       N/A       1%          4
 Animate Dead             Necr           82%        N/A       1%          4
 Flame Wave               Conj/Fire      86%        2d18      1%          4
 Iskenderun's Mystic Bla  Conj/Tloc      86%        2d17      (+2d91%     4
 Leda's Liquefaction      Alch/Erth      53%        N/A       1%          4
 Petrify                  Alch/Erth      100%       N/A       1%          4
 Arcjolt                  Conj/Air       43%        1d53      1%          5
 Fireball                 Conj/Fire      43%        3d17      1%          5
 Irradiate                Conj/Alch      43%        3d26      1%          5
 Metabolic Englaciation   Hex/Ice        66%        N/A       1%          5
 Sculpt Simulacrum        Ice/Alch       66%        N/A       1%          6
 Ozocubu's Refrigeration  Ice            83%        4d25      1%          7
 Lehudib's Crystal Spear  Conj/Erth      62%        10d14     1%          8
 Apportation              Tloc           100%       N/A       2%          1
 Slow                     Hex            100%       N/A       2%          1
 Summon Small Mammal      Summ           100%       N/A       2%          1
 Inner Flame              Hex/Fire       50%        N/A       2%          3
 Volatile Blastmotes      Fire/Tloc      100%       2d18      2%          3
 Call Imp                 Summ           100%       N/A       3%          2
 Jinxbite                 Hex            100%       N/A       3%          2
 Lesser Beckoning         Tloc           100%       N/A       3%          2
 Curse of Agony           Necr           82%        N/A       6%          5
 Conjure Ball Lightning   Conj/Air       43%        3x3d15    6%          6
 Starburst                Conj/Fire      43%        6d12      6%          6
 Anguish                  Hex/Necr       34%        N/A       7%          4
 Ignite Poison            Fire/Alch      50%        N/A       7%          4
 Olgreb's Toxic Radiance  Alch           50%        N/A       7%          4
 Call Canine Familiar     Summ           50%        N/A       8%          3
 Confusing Touch          Hex            50%        N/A       8%          3
 Sigil of Binding         Hex            50%        N/A       8%          3
 Teleport Other           Tloc           50%        N/A       8%          3
 Tukima's Dance           Hex            50%        N/A       8%          3
 Yara's Violent Unravell  Hex/Alch       25%        3d11      17%         5
 Cause Fear               Hex            25%        N/A       24%         4
 Dimensional Bullseye     Hex/Tloc       25%        N/A       24%         4
 Passage of Golubria      Tloc           50%        N/A       24%         4
 Summon Blazeheart Golem  Fire/Summ      50%        N/A       24%         4
 Summon Lightning Spire   Summ/Air       50%        N/A       24%         4
 Death Channel            Necr           41%        N/A       32%         6
 Alistair's Intoxication  Alch           33%        N/A       56%         5
 Silence                  Hex/Air        25%        N/A       56%         5
 Summon Forest            Summ/Tloc      25%        N/A       56%         5
 Summon Mana Viper        Hex/Summ       50%        N/A       56%         5
 Eringya's Noxious Bog    Alch           25%        4d6       65%         6
 Plasma Beam              Fire/Air       25%        2x1d37    65%         6
 Dispersal                Tloc           25%        N/A       98%         6
 Gell's Gavotte           Tloc           25%        2d(22-33) 98%         6
 Summon Cactus Giant      Summ           25%        N/A       98%         6
 Haunt                    Necr/Summ      34%        N/A       99%         7
 Enfeeble                 Hex            25%        N/A       100%        7
 Malign Gateway           Summ/Tloc      25%        N/A       100%        7
 Manifold Assault         Tloc           25%        N/A       100%        7
 Monstrous Menagerie      Summ           25%        N/A       100%        7
 Summon Hydra             Summ           25%        N/A       100%        7
 Borgnjor's Revivificati  Necr           41%        N/A       100%        8
 Discord                  Hex            25%        N/A       100%        8
 Ignition                 Fire           25%        3d8       100%        8
 Infestation              Necr           41%        N/A       100%        8
 Maxwell's Capacitive Co  Air            25%        ∞         100%        8
 Summon Horrible Things   Summ           25%        N/A       100%        8
 Chain Lightning          Conj/Air       43%        3d57      100%        9
 Dragon's Call            Summ           25%        N/A       100%        9
 Blink                    Tloc           Unusable   N/A       N/A         2
 Maxwell's Portable Pile  Tloc           Unusable   2d(13-25) N/A         4

Dungeon Overview and Level Annotations

Branches:
Dungeon (15/15)            Temple (0/1) D:6            Lair (5/5) D:9
  Swamp (4/4) Lair:2        Snake (4/4) Lair:3        Slime (0/5) Lair:4
    Orc (2/2) D:10            Elf (3/3) Orc:2        Vaults (5/5) D:13
  Crypt (3/3) Vaults:2       Tomb (0/3) Crypt:3      Depths (4/4) D:15
    Zot (5/5) Depths:4    Ossuary (visited)           IceCv (visited)
 WizLab (visited)

Altars:
Fedhas
Gozag
Hepliaklqana
Kikubaaqudgha
Makhleb
Okawaru
Sif Muna
Trog
Uskayaw
Vehumet
Wu Jian
Yredelemnul
The Shining One
Jiyva

Shops:
D:2 =   D:8 [   D:10 (   D:15 :   Orc:2 =*[[   Elf:1 *(   Elf:2 =*   Elf:3 =
Snake:3 =!?[   Vaults:2 !   Vaults:3 *   Depths:2 (*   Depths:4 [:*:

Portals:
Hell: Depths:1 Depths:2 Depths:3 Depths:4
Abyss: Depths:3
Pandemonium: Depths:2

Annotations:
D:8 3 runed translucent doors, smashvw's ghost, novice AtBe
D:10 1 runed translucent door, petzl's ghost, novice FoDe
D:11 exclusion: sensed monster (detected)
Lair:3 exclusion: oklob plant
Lair:4 exclusion: door
Elf:2 3 runed translucent doors
Vaults:2 2 runed translucent doors, Joextigh's ghost, veteran KoHu


Innate Abilities, Weirdness & Mutations

You cannot be hasted, slowed, berserked, paralysed or teleported.
You can dig through walls and to a lower floor.
You have a pair of large antennae on your head. (SInv)
Your four strong arms can wield two-handed weapons with a shield.
You are partially covered in large bone plates. (SH +4)
You are clumsy. (Dex -2)
Your flesh is very cold resistant. (rC++)
Your body sometimes deteriorates upon taking damage.
Your magical capacity is low. (-10% MP)
Your muscles are strong. (Str +4, Int/Dex -1)


Message History

Piercing cold boils outward!
The piercing cold hits the Hell Sentinel.
The Hell Sentinel completely resists.
The Hell Sentinel is severely wounded.
Casting: Permafrost Eruption (safe; 0% risk of failure)
Confirm with . or Enter, or press ? or * to list all spells.
You feel a surge of power!
Bitter cold erupts, blasting rock from the ceiling!
The mass of rock hits the Hell Sentinel!!!
You kill the Hell Sentinel!
Vehumet accepts your kill.
You feel your power returning.
Piercing cold boils outward!
What level of the Dungeon? (default 1, ? - help) You're already here!
The winds around you start to calm down.
You float gracefully downwards.
You are engulfed in whirling frost.
You are engulfed in whirling frost.
The winds around you calm down.
HP restored.
You see here a jackal skeleton.
There is a staircase leading out of the dungeon here.
Okay, then.
You feel protected.
You feel very mighty all of a sudden.
You feel clever all of a sudden.
You feel very buoyant.
You fly up into the air.
You fade into invisibility!
As you read the scroll of revelation, it crumbles to dust.
You feel momentarily disoriented.
As you read the scroll of vulnerability, it crumbles to dust.
A wave of despondency washes over your surroundings.
Okay, then.
As you read the scroll of fog, it dissolves into smoke.
There's no open space to fill with poison.
As you read the scroll of silence, it crumbles to dust.
A profound silence engulfs you.
You can't go down here!
You have escaped!

# ############### #
################ #
#######>#####..#########
########.......#......÷.
########............####
#######.§§..........#
########§#..........#
#######@§#{..###...##
####################
###############
###############
###############
###############
###############
###############


There were no monsters in sight!

Vanquished Creatures
  Frederick (Vaults:2)
  2 dread liches
  8 orbs of fire
  Khufu (Crypt:1)
  4 ancient liches
  A juggernaut (Depths:4)
  Xtahua (Vaults:2)
  2 royal mummies (Crypt:1)
  Sojobo (Crypt:1)
  Bai Suzhen (Vaults:2)
  3 Killer Klowns
  the Lernaean hydra (Swamp:4)
  Margery (Crypt:3)
  6 curse toes
  2 caustic shrikes
  A profane servitor (Crypt:3)
  Nikola (Swamp:3)
  3 bone dragons
  7 golden dragons
  4 electric golems
  2 Hell Sentinels
  Jorgrun (Swamp:2)
  19 tentacled monstrosities
  2 deep elf blademasters (Elf:3)
  3 liches
  Zenata (Orc:2)
  Asterion (Vaults:1)
  2 searing wretches
  25 Orb Guardians (Zot:5)
  2 deep elf master archers (Elf:3)
  10 quicksilver dragons
  3 ancient champions
  A tentacled starspawn (WizLab)
  6 sphinxes
  An Executioner (D:14)
  4 titans (Vaults:5)
  10 death cobs
  Gastronok (Lair:2)
  18 storm dragons
  3 nagarajas
  7 shadow dragons
  7 tengu reavers
  Roxanne (Snake:1)
  3 fenstrider witches
  5 draconian monks
  A revenant (Crypt:3)
  Donald (Swamp:2)
  Aizul (Swamp:4)
  A fire giant (Depths:4)
  5 draconian knights
  A protean progenitor (Zot:1)
  5 draconian scorchers
  4 frost giants
  8 deep elf sorcerers
  6 draconian shifters
  5 ghouls
  5 ghost moths
  3 iron dragons
  2 spectral caustic shrikes (Depths:4)
  20 vault wardens
  An orc warlord (Vaults:3)
  Louise (D:14)
  5 deep elf elementalists
  3 curse skulls
  A caustic shrike zombie (Crypt:1)
  A cacodemon (Depths:1)
  2 balrugs
  4 draconian stormcallers
  27 very ugly things
  3 formless jellyfish
  A caustic shrike skeleton (Vaults:1)
  14 stone giants
  6 draconian annihilators
  5 vampire knights
  A demonspawn corrupter (WizLab)
  4 deep elf demonologists (Elf:3)
  15 ironbound preservers
  9 black draconians
  10 green draconians
  The ghost of redsdead the Peltast, a journeyman VSFi of Qazlal (Elf:2)
  5 ironbound thunderhulks
  8 white draconians
  A starcursed mass (WizLab)
  6 deep elf annihilators
  17 deep elf death magi
  3 eleionomae
  4 war gargoyles
  6 yellow draconians
  9 purple draconians
  7 bunyips
  6 red draconians
  4 dire elephants (Vaults:2)
  5 blizzard demons
  4 spark wasps (Depths:4)
  11 eidola
  4 mummy priests
  5 crystal guardians
  12 ettins
  6 fire dragons
  3 entropy weavers (WizLab)
  18 jiangshi
  16 yaktaur captains
  6 deep elf high priests
  2 spectral golden dragons (Depths:3)
  Josephine (D:10)
  2 spectral sphinxes (Depths:3)
  13 great orbs of eyes
  3 peacekeepers
  32 vault guards
  A spectral shadow dragon (Depths:3)
  A hell beast (Depths:1)
  A jorogumo (shapeshifter) (WizLab)
  3 salamander tyrants (Snake:4)
  21 hydras
  2 ice dragons (Depths:4)
  3 spriggan air magi
  10 ironbound frosthearts
  2 spectral tengu (Depths:3)
  4 catoblepae
  5 ghost crabs
  3 rakshasas
  15 alligators
  8 ogre magi
  3 radroaches (Vaults:1)
  4 death knights
  3 two-headed ogres
  23 dancing weapons
  15 anacondas
  6 deep troll shamans
  2 hell hogs (Depths:1)
  9 boulder beetles
  7 centaur warriors
  2 spectral frost giants (Depths:3)
  4 tengu warriors
  7 deep troll earth magi
  A death yak (Lair:4)
  A thrashing horror (WizLab)
  8 vampire magi
  4 orc high priests
  2 spectral storm dragons (Depths:3)
  An occultist (Elf:3)
  8 shock serpents
  4 sun demons
  14 naga warriors
  22 naga sharpshooters
  3 spriggan berserkers
  Urug (Lair:1)
  10 deep elf knights
  A titan skeleton (Crypt:1)
  10 hell knights
  6 soul eaters
  11 spriggans
  12 salamander mystics
  A goliath frog (Swamp:4)
  2 skysharks (Lair:5)
  2 spectral spark wasps (Depths:3)
  The ghost of backslashecho the Skirmisher, a novice CoHu of Okawaru (D:6)
  3 iron trolls
  5 shadow wraiths
  2 deep trolls (shapeshifter)
  Lodul (D:10)
  A sixfirhy (Depths:1)
  7 glowing orange brains
  2 orb spiders (WizLab)
  8 sea snakes
  17 mana vipers
  A shadow demon (WizLab)
  2 death drakes (Vaults:1)
  32 deep trolls
  2 sea snakes (shapeshifter) (Vaults:5)
  8 arcanists
  7 flayed ghosts
  27 skeletal warriors
  5 spriggan druids
  9 bog bodies
  4 obsidian statues
  An orange crystal statue (Zot:5)
  5 naga ritualists
  2 golden dragon skeletons
  12 deep elf archers
  20 ironbound convokers
  4 lindwurms
  11 swamp dragons
  A shadow dragon zombie (Crypt:2)
  8 harpies
  A sphinx simulacrum (Vaults:1)
  2 thermic dynamos (Elf:2)
  10 orc knights
  27 deep elf pyromancers
  30 deep elf zephyrmancers
  4 orc sorcerers
  A shadow dragon skeleton (Vaults:1)
  10 necromancers
  17 phantasmal warriors
  An oklob plant (Lair:4)
  A wolf spider (shapeshifter) (Vaults:5)
  4 lightning spires (Vaults:1)
  42 ugly things
  21 salamanders
  32 moths of wrath
  5 cyclopes
  A manticore (shapeshifter) (Vaults:5)
  9 manticores
  6 will-o-the-wisps
  A worldbinder (WizLab)
  A frost giant skeleton (Vaults:2)
  An ice statue (IceCv)
  A stone giant skeleton (Vaults:3)
  A guardian serpent (shapeshifter) (D:15)
  3 meliai (D:14)
  31 black mambas
  15 elephants
  11 vault sentinels
  An eye of devastation (shapeshifter) (D:15)
  An orange demon (Depths:1)
  20 cane toads
  8 apocalypse crabs (Zot:1)
  2 moths of wrath (shapeshifter)
  A titan simulacrum (Vaults:1)
  A rust devil (Zot:5)
  2 gargoyles
  15 naga magi
  9 guardian serpents
  17 eyes of devastation (Depths:2)
  A molten gargoyle (D:14)
  A cane toad (shapeshifter) (Elf:1)
  2 smoke demons (Depths:1)
  5 large abominations
  2 rime drakes
  3 kobold demonologists
  3 hellions
  A spectral human (Depths:3)
  An iron troll zombie (Crypt:1)
  6 tengu conjurers
  3 tormentors
  3 efreet
  4 unseen horrors
  7 freezing wraiths
  2 unseen horror zombies
  10 komodo dragons
  34 yaktaurs
  An ice devil (IceCv)
  10 guardian mummies
  An anaconda simulacrum (IceCv)
  A catoblepas skeleton (Crypt:1)
  7 trolls
  2 yaktaur skeletons
  A queen bee (shapeshifter) (D:15)
  2 spectral glowing shapeshifters (Depths:3)
  8 hornets
  2 tarantellas (Vaults:1)
  12 tyrant leeches
  2 polar bears
  A wind drake (shapeshifter) (D:15)
  A snapping turtle (shapeshifter) (D:15)
  6 dream sheep (Lair:5)
  38 blink frogs
  A moth of wrath zombie (Crypt:2)
  2 glass eyes (Vaults:1)
  A spectral elephant (Lair:2)
  3 shadows
  15 slime creatures
  5 air elementals
  4 raiju
  4 jumping spiders
  13 wraiths
  An ushabti (Zig:5)
  2 vampires
  A black mamba skeleton (Crypt:1)
  17 water elementals
  7 humans (D:13)
  A spriggan skeleton (Zig:5)
  2 dire elephant simulacra (IceCv)
  2 wyverns
  49 yaks
  2 fire elementals
  A golden eye (shapeshifter) (D:15)
  3 golden eyes (Depths:2)
  A steam dragon (D:8)
  4 wargs
  A human simulacrum (Vaults:3)
  5 basilisks
  A redback (shapeshifter) (D:15)
  4 redbacks
  22 vampire mosquitoes
  A death yak simulacrum (Lair:1)
  4 small abominations (Crypt:3)
  14 swamp worms
  31 nagas
  An acid dragon (D:11)
  2 spatial vortices (Vaults:1)
  17 water moccasins
  4 hell hounds (Elf:2)
  A swamp worm (shapeshifter) (D:15)
  A cane toad skeleton (Crypt:1)
  A deep troll skeleton (Crypt:2)
  A sky beast (D:8)
  9 swamp drakes
  2 ice beasts
  2 spectral blink frogs (Lair:2)
  27 orc warriors
  19 laughing skulls
  A black mamba simulacrum (Crypt:3)
  An ogre (shapeshifter) (D:15)
  2 boggarts
  17 wolves
  16 ogres
  4 centaurs
  A dream sheep skeleton (Crypt:2)
  A rime drake zombie (Crypt:2)
  2 human skeletons
  9 kobold brigands
  3 elf zombies (Ossuary)
  2 weeping skulls (Crypt:3)
  A draconian zombie (Crypt:1)
  14 bullfrogs
  5 scorpions
  A spectral water moccasin (Lair:2)
  A gnoll sergeant (D:11)
  7 two-headed ogre simulacra (IceCv)
  3 earth elementals
  A glowing shapeshifter simulacrum (Vaults:1)
  17 wights
  4 burial acolytes (Crypt:3)
  2 elephant simulacra (IceCv)
  25 killer bees
  A swamp dragon simulacrum (Crypt:3)
  4 howler monkeys
  2 electric eels
  11 centaur zombies
  4 human zombies
  5 bombardier beetles
  15 orc priests
  7 hounds
  A gnoll bouda (Lair:1)
  A sleepcap (D:6)
  A centaur skeleton (Crypt:1)
  4 iguanas
  27 orc wizards
  11 hell rats
  A polar bear simulacrum (IceCv)
  2 spriggan simulacra (IceCv)
  3 troll simulacra (IceCv)
  A killer bee zombie (D:9)
  A crocodile zombie (Ossuary)
  4 wolf simulacra (IceCv)
  2 naga zombies (Crypt:2)
  8 mummies
  A howler monkey zombie (D:9)
  Robin (D:3)
  8 gnolls
  7 adders
  10 naga simulacra
  A swamp drake skeleton (Crypt:1)
  A shadow imp (D:8)
  9 white imps
  6 ufetubi (IceCv)
  A lava snake skeleton (Crypt:2)
  4 ribbon worms
  4 dart slugs
  96 orcs
  3 ball pythons
  5 bats
  7 endoplasms
  4 giant cockroaches
  16 goblins
  8 hobgoblins
  5 jackals
  3 quokkas
  6 frilled lizards
  A frilled lizard skeleton (Crypt:2)
  20 kobolds
  A quokka skeleton (Crypt:1)
  3 rats
  4 aspiring fleshes (Zot:1)
2437 creatures vanquished.

Vanquished Creatures (collateral kills)
  A quicksilver elemental (Zig:6)
  A kobold (D:10)
2 creatures vanquished.

Vanquished Creatures (others)
  3 eldritch tentacles
  A vault guard (D:13)
  A deep elf zephyrmancer (Elf:1)
  A water elemental (Elf:1)
  2 foxfires (Zig:7)
  2 starspawn tentacles (WizLab)
10 creatures vanquished.

Grand Total: 2449 creatures vanquished

Notes
Turn   | Place    | Note
-------+----------+-------------------------------------------
     0 | D:1      | Einwand the Formicid Earth Elementalist began the quest for
                  | the Orb.
     0 | D:1      | Reached XP level 1. HP: 13/13 MP: 3/3
    67 | D:1      | Reached skill level 1 in Conjurations
   157 | D:1      | Reached XP level 2. HP: 19/19 MP: 1/5
   419 | D:1      | Reached XP level 3. HP: 15/24 MP: 6/6
   997 | D:2      | Learned a level 3 spell: Stone Arrow
  1011 | D:2      | Reached XP level 4. HP: 29/30 MP: 8/8
  1108 | D:2      | Found Rodeach's Jewellery Boutique.
  1635 | D:3      | Found a faded altar of an unknown god.
  2110 | D:3      | Reached XP level 5. HP: 33/35 MP: 5/10
  2333 | D:3      | Noticed Robin
  2338 | D:3      | Killed Robin
  2448 | D:4      | Reached skill level 5 in Earth Magic
  2448 | D:4      | Reached XP level 6. HP: 29/41 MP: 6/12
  2495 | D:4      | Found a bloodstained altar of Trog.
  2628 | D:4      | Noticed an ogre
  2962 | D:4      | Reached XP level 7. HP: 47/47 MP: 10/13
  3008 | D:4      | Found a burning altar of Makhleb.
  3008 | D:4      | Found a radiant altar of Vehumet.
  3009 | D:4      | Found a blossoming altar of Fedhas.
  3017 | D:4      | Became a worshipper of Vehumet
  3140 | D:4      | Reached skill level 1 in Fighting
  3204 | D:4      | Reached skill level 1 in Armour
  3264 | D:4      | Reached skill level 1 in Staves
  3264 | D:4      | Reached skill level 1 in Evocations
  3554 | D:4      | Found an ornate altar of the Wu Jian Council.
  3623 | D:5      | Entered Level 5 of the Dungeon
  3633 | D:5      | Reached * piety under Vehumet
  3633 | D:5      | Offered knowledge of Freeze by Vehumet.
  3694 | D:5      | Reached XP level 8. HP: 56/56 MP: 11/14
  3838 | D:5      | Found a hazy altar of Hepliaklqana.
  3839 | D:5      | Found a hide-covered altar of Uskayaw.
  3841 | D:5      | Found an ancient bone altar of Kikubaaqudgha.
  3841 | D:5      | Found a glowing golden altar of the Shining One.
  4170 | D:5      | Reached skill level 5 in Spellcasting
  4198 | D:5      | Learned a level 3 spell: Passwall
  4705 | D:6      | Found a staircase to the Ecumenical Temple.
  4733 | D:6      | Found a runed translucent gate.
  4735 | D:6      | Found a runed translucent gate.
  4736 | D:6      | Found a runed translucent gate.
  4743 | D:6      | Noticed backslashecho's ghost (novice CoHu)
  4811 | D:6      | Identified the +7 quarterstaff of Analysis {venom, rElec
                  | rF++ Will- rCorr}
  4906 | D:6      | Reached XP level 9. HP: 60/62 MP: 12/16
  5113 | D:7      | Noticed a two-headed ogre
  5183 | D:7      | Found a sand-covered staircase.
  5219 | Ossuary  | Entered an ossuary
  5258 | Ossuary  | Reached ** piety under Vehumet
  5273 | Ossuary  | Offered knowledge of Mercury Vapours by Vehumet.
  5741 | D:7      | Found a basalt altar of Yredelemnul.
  5875 | D:7      | Offered knowledge of Inner Flame by Vehumet.
  6198 | D:7      | Killed a two-headed ogre
  6199 | D:7      | Reached skill level 5 in Conjurations
  6199 | D:7      | Reached XP level 10. HP: 66/71 MP: 7/17
  6329 | D:8      | Found a runed translucent gate.
  6329 | D:8      | Found a runed translucent gate.
  6329 | D:8      | Found a runed translucent gate.
  6332 | D:8      | Found an opulent altar of Gozag.
  6333 | D:8      | Noticed a centaur warrior
  6335 | D:8      | Noticed smashvw's ghost (novice AtBe)
  6690 | D:8      | Reached *** piety under Vehumet
  6758 | D:8      | Noticed a two-headed ogre
  6761 | D:8      | Killed a two-headed ogre
  6973 | D:8      | Offered knowledge of Airstrike by Vehumet.
  7060 | D:8      | Found Helofiog's Armour Shop.
  7187 | D:8      | Reached skill level 5 in Fighting
  7399 | D:8      | Reached skill level 5 in Evocations
  7475 | D:8      | Reached skill level 5 in Armour
  7566 | D:8      | Reached skill level 5 in Staves
  7890 | D:9      | Found an iron altar of Okawaru.
  7900 | D:9      | Reached XP level 11. HP: 46/80 MP: 14/19
  8031 | D:9      | Reached **** piety under Vehumet
  8211 | D:9      | Offered knowledge of Sticky Flame by Vehumet.
  8368 | D:9      | Reached skill level 10 in Earth Magic
  8460 | D:9      | Learned a level 4 spell: Brom's Barrelling Boulder
  8632 | D:9      | Found a staircase to the Lair.
  8632 | D:9      | Identified the +10 dagger of the Hero {venom, rC+ rCorr
                  | Dex+5}
  9051 | D:10     | Entered Level 10 of the Dungeon
  9431 | D:10     | Reached ***** piety under Vehumet
  9570 | D:10     | Found Jerourph's Weapon Shoppe.
  9572 | D:10     | Found a staircase to the Orcish Mines.
  9598 | D:10     | Noticed Lodul
  9707 | D:10     | Found a runed translucent door.
  9708 | D:10     | Noticed a spriggan rider
  9709 | D:10     | Identified the +7 trident of Qeluumau {venom, rF- Str+4
                  | Dex+2 SInv}
  9709 | D:10     | Noticed petzl's ghost (novice FoDe)
  9741 | D:10     | Offered knowledge of Iskenderun's Battlesphere by Vehumet.
  9748 | D:10     | Learned a level 5 spell: Iskenderun's Battlesphere
  9864 | D:10     | Noticed a purple ugly thing
  9875 | D:10     | Killed a purple ugly thing
 10142 | D:10     | Killed Lodul
 10322 | D:10     | Reached XP level 12. HP: 88/88 MP: 9/23
 10415 | D:10     | Noticed Josephine
 10422 | D:10     | Killed Josephine
 10944 | D:6      | Killed backslashecho's ghost
 11408 | D:11     | Noticed a boulder beetle
 11419 | D:11     | Killed a boulder beetle
 12474 | Lair:1   | Entered Level 1 of the Lair of Beasts
 12474 | Lair:1   | Found a frozen archway.
 12480 | Lair:1   | Noticed a catoblepas
 12497 | Lair:1   | Killed a catoblepas
 12565 | IceCv    | Entered an ice cave
 12748 | IceCv    | Offered knowledge of Olgreb's Toxic Radiance by Vehumet.
 13108 | IceCv    | Reached XP level 13. HP: 95/95 MP: 20/25
 13698 | IceCv    | Found the +2 Maxwell's thermic engine {flame, freeze, rev}
 13913 | IceCv    | Got the Folio of Freezing
 13918 | IceCv    | Identified the ring "Guloc" {rN+ Will+ MP+9 Int+3 Slay+3}
 14541 | Lair:1   | Noticed Urug
 14565 | Lair:1   | Killed Urug
 14567 | Lair:1   | Reached skill level 5 in Dodging
 15127 | Lair:1   | Learned a level 5 spell: Lee's Rapid Deconstruction
 15134 | Lair:1   | Learned a level 6 spell: Permafrost Eruption
 15352 | Lair:2   | Offered knowledge of Fireball by Vehumet.
 15649 | Lair:2   | Noticed Gastronok
 15896 | Lair:2   | Reached skill level 1 in Ice Magic
 16388 | Lair:2   | Found a staircase to the Swamp.
 16388 | Lair:2   | Noticed a ghost crab
 16857 | Lair:3   | Noticed a four-headed hydra
 16890 | Lair:3   | Killed a four-headed hydra
 16891 | Lair:3   | Reached skill level 5 in Stealth
 16891 | Lair:3   | Reached XP level 14. HP: 96/105 MP: 22/27
 16893 | Lair:3   | Reached skill level 2 in Ice Magic
 17475 | Lair:3   | Found a staircase to the Snake Pit.
 17791 | Lair:3   | Found a blossoming altar of Fedhas.
 18082 | Lair:4   | Found a viscous altar of Jiyva.
 18082 | Lair:4   | Found a staircase to the Slime Pits.
 18351 | Lair:4   | Reached skill level 3 in Ice Magic
 18372 | Lair:4   | Reached skill level 10 in Spellcasting
 19203 | Lair:4   | Reached skill level 4 in Ice Magic
 19480 | Lair:5   | Entered Level 5 of the Lair of Beasts
 19546 | Lair:5   | Reached skill level 10 in Conjurations
 19855 | Lair:5   | Reached skill level 5 in Ice Magic
 19888 | Lair:5   | Reached XP level 15. HP: 110/110 MP: 6/29
 20111 | Lair:5   | Reached ****** piety under Vehumet
 20314 | Lair:5   | Offered knowledge of Conjure Ball Lightning by Vehumet.
 20320 | Lair:5   | Reached skill level 6 in Ice Magic
 20517 | Lair:5   | Reached skill level 7 in Ice Magic
 20779 | Lair:5   | Reached skill level 8 in Ice Magic
 21718 | Orc:1    | Entered Level 1 of the Orcish Mines
 22213 | Orc:2    | Entered Level 2 of the Orcish Mines
 22529 | Orc:2    | Offered knowledge of Plasma Beam by Vehumet.
 23170 | Orc:2    | Found a staircase to the Elven Halls.
 23536 | Orc:2    | Found Wearhaso's Jewellery Emporium.
 23536 | Orc:2    | Found Miuj's Armour Shop.
 23538 | Orc:2    | Found Ydebeunn's Armour Shop.
 23538 | Orc:2    | Found Nepasuerph's General Store.
 23546 | Orc:2    | Bought a +0 buckler for 58 gold pieces
 23554 | Orc:2    | Bought the amulet "Uwkuadok" {Reflect rC+ Regen+ SH+5} for
                  | 572 gold pieces
 23564 | Orc:2    | Bought a scarf of resistance for 544 gold pieces
 23878 | D:12     | Reached skill level 1 in Shields
 23978 | D:12     | Identified a scroll of acquirement
 23978 | D:12     | Acquired a manual of Dodging
 24197 | D:12     | Got Dovebb's Directory of Ouranomancy
 24643 | D:13     | Reached XP level 16. HP: 117/117 MP: 30/30
 24798 | D:13     | Offered knowledge of Yara's Violent Unravelling by Vehumet.
 25088 | D:13     | Found a gate to the Vaults.
 25657 | D:13     | Found a shimmering blue altar of Sif Muna.
 25881 | D:14     | Reached skill level 9 in Ice Magic
 26055 | D:14     | Reached skill level 5 in Shields
 26481 | D:14     | Noticed Louise
 26485 | D:14     | Killed Louise
 26975 | D:15     | Entered Level 15 of the Dungeon
 27053 | D:15     | Found Dyxkof's Vocational Training.
 27180 | D:15     | Reached skill level 15 in Earth Magic
 27621 | D:15     | Offered knowledge of Spellforged Servitor by Vehumet.
 27835 | D:15     | Noticed a tengu reaver
 27843 | D:15     | Killed a tengu reaver
 28071 | D:15     | Found a staircase to the Depths.
 28136 | D:15     | Identified the +0 plate armour of Panentheism {Harm}
 28182 | D:15     | Reached XP level 17. HP: 122/122 MP: 32/32
 28623 | D:15     | Acquired the +5 pair of boots of Vampiric Thralls {Stlth+}
 28892 | Elf:1    | Entered Level 1 of the Elven Halls
 28892 | Elf:1    | Noticed Zenata
 29071 | Lair:2   | Killed Gastronok
 29133 | Swamp:1  | Entered Level 1 of the Swamp
 29139 | Swamp:1  | Reached skill level 10 in Evocations
 29784 | Swamp:2  | Noticed Donald
 29788 | Swamp:2  | Killed Donald
 29793 | Swamp:2  | Reached skill level 10 in Ice Magic
 29813 | Swamp:2  | Noticed Jorgrun
 29816 | Swamp:2  | Killed Jorgrun
 29976 | Swamp:2  | Identified the +8 glaive "Oreibeg" {freeze, rF- Str+5}
 30445 | Swamp:3  | Noticed Nikola
 30450 | Swamp:3  | Killed Nikola
 30451 | Swamp:3  | Reached skill level 10 in Dodging
 31346 | Swamp:4  | Entered Level 4 of the Swamp
 31616 | Swamp:4  | Identified the serpent talisman of Mysticism {rC+ Int+2}
 31616 | Swamp:4  | Noticed Aizul
 31620 | Swamp:4  | Killed Aizul
 31894 | Swamp:4  | Reached XP level 18. HP: 129/129 MP: 34/34
 31900 | Swamp:4  | Reached skill level 10 in Shields
 32179 | Swamp:4  | Offered knowledge of Fire Storm by Vehumet.
 32179 | Swamp:4  | Offered knowledge of Shatter by Vehumet.
 32179 | Swamp:4  | Offered knowledge of Maxwell's Capacitive Coupling by
                  | Vehumet.
 32433 | Swamp:4  | Noticed the 27-headed Lernaean hydra
 32453 | Swamp:4  | Killed the 27-headed Lernaean hydra
 32501 | Swamp:4  | Reached skill level 11 in Ice Magic
 32667 | Swamp:4  | Got a decaying rune of Zot
 32947 | Snake:1  | Entered Level 1 of the Snake Pit
 33065 | Snake:1  | Noticed Roxanne
 33069 | Snake:1  | Killed Roxanne
 34742 | Snake:2  | Reached XP level 19. HP: 134/134 MP: 14/36
 36045 | Snake:3  | Found Tetiugg's Distillery.
 36047 | Snake:3  | Found Luodocku's Magic Scroll Shop.
 36050 | Snake:3  | Found Biwiat's Antique Armour Boutique.
 36053 | Snake:3  | Bought a potion of mutation for 168 gold pieces
 36053 | Snake:3  | Bought a potion of curing for 63 gold pieces
 36053 | Snake:3  | Bought a potion of heal wounds for 105 gold pieces
 36053 | Snake:3  | Bought a potion of brilliance for 84 gold pieces
 36053 | Snake:3  | Bought a potion of mutation for 168 gold pieces
 36055 | Snake:3  | Bought a scroll of identify for 32 gold pieces
 36055 | Snake:3  | Bought a scroll of fog for 64 gold pieces
 36055 | Snake:3  | Bought a scroll of enchant weapon for 120 gold pieces
 36605 | Snake:3  | Found Acelacoa's Jewellery Shoppe.
 36766 | Snake:4  | Entered Level 4 of the Snake Pit
 36791 | Snake:4  | Reached skill level 12 in Ice Magic
 38748 | Snake:4  | Reached XP level 20. HP: 142/142 MP: 38/38
 38919 | Snake:4  | Got a serpentine rune of Zot
 39307 | Vaults:1 | Entered Level 1 of the Vaults
 39843 | Vaults:1 | Got Jaupul's Vademecum on the Faeries
 40046 | Vaults:1 | Got the Guide on the Compass
 40583 | Vaults:1 | Got the Guidebook on Litharge
 41287 | Vaults:1 | Got the Codex of Turbulence
 41466 | Vaults:1 | Reached XP level 21. HP: 147/150 MP: 29/39
 41549 | Vaults:1 | Noticed a caustic shrike
 41562 | Vaults:1 | Killed a caustic shrike
 41572 | Vaults:1 | Got Sif Muna's Omnibus of the Fault
 41582 | Vaults:1 | Learned a level 5 spell: Borgnjor's Vile Clutch
 41687 | Vaults:1 | Noticed Asterion
 41691 | Vaults:1 | Killed Asterion
 41756 | Vaults:1 | Noticed a bone dragon
 41763 | Vaults:1 | Killed a bone dragon
 41766 | Vaults:1 | Reached skill level 1 in Necromancy
 42214 | Vaults:2 | Reached skill level 15 in Dodging
 42442 | Vaults:2 | Found a large runed translucent door.
 42442 | Vaults:2 | Found a large runed translucent door.
 42444 | Vaults:2 | Noticed Joextigh's ghost (veteran KoHu)
 42470 | Vaults:2 | Noticed Bai Suzhen
 42478 | Vaults:2 | Killed Bai Suzhen
 42724 | Vaults:2 | Identified the orb "Zaacvufayl" {*channel, rF+ Hexes}
 42724 | Vaults:2 | Noticed Frederick
 42755 | Vaults:2 | Killed Frederick
 42802 | Vaults:2 | Noticed Xtahua
 43065 | Vaults:2 | Killed Xtahua
 43066 | Vaults:2 | Reached skill level 13 in Ice Magic
 43281 | Vaults:2 | Reached skill level 10 in Fighting
 43315 | Vaults:2 | Reached skill level 10 in Armour
 43473 | Vaults:2 | Found Lounid's Distillery.
 43478 | Vaults:2 | Bought a potion of heal wounds for 110 gold pieces
 43478 | Vaults:2 | Bought a potion of magic for 176 gold pieces
 43478 | Vaults:2 | Bought a potion of heal wounds for 110 gold pieces
 43478 | Vaults:2 | Bought a potion of curing for 66 gold pieces
 43478 | Vaults:2 | Bought a potion of brilliance for 88 gold pieces
 43478 | Vaults:2 | Bought 2 potions of heal wounds for 220 gold pieces
 43478 | Vaults:2 | Bought a potion of heal wounds for 110 gold pieces
 43478 | Vaults:2 | Bought 2 potions of brilliance for 176 gold pieces
 43844 | Vaults:2 | Reached skill level 15 in Spellcasting
 43846 | Vaults:2 | Reached skill level 10 in Staves
 43941 | Vaults:2 | Found a staircase to the Crypt.
 44456 | Vaults:3 | Reached XP level 22. HP: 159/159 MP: 41/41
 44783 | Vaults:3 | Found Seaguuqoly's General Store.
 44788 | Vaults:3 | Bought a potion of brilliance for 60 gold pieces
 45088 | Vaults:3 | Identified the +5 scale mail of the Gravedigger {rPois rN+
                  | Will+ Stlth+}
 45202 | Vaults:3 | Reached skill level 5 in Necromancy
 47104 | Crypt:1  | Entered Level 1 of the Crypt
 47158 | Crypt:1  | Noticed Sojobo
 47162 | Crypt:1  | Reached skill level 14 in Ice Magic
 47163 | Crypt:1  | Killed Sojobo
 47282 | Crypt:1  | Noticed Khufu
 47323 | Crypt:1  | Noticed a royal mummy
 47623 | Depths:1 | Entered Level 1 of the Depths
 47627 | Depths:1 | Found a magical portal.
 47674 | WizLab   | Entered The Roulette of Golubria
 47674 | WizLab   | Found a transporter.
 47687 | WizLab   | Found a corrupted altar of Lugonu.
 47844 | WizLab   | Found a corrupted altar of Lugonu.
 47859 | WizLab   | Found a transporter.
 47859 | WizLab   | Found a transporter.
 47941 | WizLab   | Found a transporter.
 48002 | WizLab   | Found a transporter.
 48006 | WizLab   | Found a corrupted altar of Lugonu.
 48047 | WizLab   | Found a transporter.
 48074 | WizLab   | Found a transporter.
 48112 | WizLab   | Found a corrupted altar of Lugonu.
 48179 | WizLab   | Found a transporter.
 48180 | WizLab   | Found a transporter.
 48243 | WizLab   | Found the +0 cloak of the Thief {Quiet Slay-3 SInv Stlth+}
 48400 | WizLab   | Identified the +2 cloak of Theory {rPois rCorr}
 48417 | WizLab   | Got Kuazxawa's Opusculum on Elsewhere
 48418 | WizLab   | Identified the +3 cloak "Poxziusch" {^Drain +Blink Str+8}
 48422 | WizLab   | Identified the +1 cloak "Bicium" {+Blink Str+5}
 48454 | WizLab   | Found a transporter.
 48487 | WizLab   | Found a transporter.
 48561 | WizLab   | Found a transporter.
 48575 | WizLab   | Found a transporter.
 48654 | WizLab   | Found a transporter.
 48661 | WizLab   | Found a transporter.
 48732 | WizLab   | Found a transporter.
 48732 | WizLab   | Found a transporter.
 48908 | WizLab   | Found a transporter.
 48918 | WizLab   | Found a transporter.
 49122 | Depths:1 | Reached XP level 23. HP: 165/165 MP: 38/43
 49400 | Depths:1 | Reached skill level 15 in Ice Magic
 49708 | Depths:1 | Found a gateway to Hell.
 49812 | Depths:1 | Found a radiant altar of Vehumet.
 50227 | Depths:2 | Found a one-way gate leading to the halls of Pandemonium.
 50239 | Depths:2 | Identified the +10 demon whip of the Realm of Zot {freeze,
                  | rPois Str+2 Stlth-}
 50728 | Depths:2 | Reached skill level 16 in Ice Magic
 50879 | Depths:2 | Identified the ring of Ruluaxur {^Contam rElec rF+ rCorr
                  | MP+9}
 51047 | Depths:2 | Identified the +0 scale mail of Omission {Str+4}
 51228 | Depths:2 | Found Qoujank's Weapon Emporium.
 51378 | Depths:2 | Found Kace Zuc's Gadget Gallery.
 51388 | Depths:2 | Bought a wand of quicksilver (3) for 163 gold pieces
 51388 | Depths:2 | Bought a wand of roots (4) for 124 gold pieces
 51733 | Depths:3 | Noticed a golden dragon
 51735 | Depths:3 | Killed a golden dragon
 51900 | Depths:3 | Found a one-way gate to the infinite horrors of the Abyss.
 52894 | Depths:3 | Noticed a royal mummy
 53026 | Depths:4 | Entered Level 4 of the Depths
 53082 | Depths:4 | Reached XP level 24. HP: 169/172 MP: 44/44
 53083 | Depths:4 | Reached skill level 17 in Ice Magic
 53268 | Depths:4 | Found a gate to the Realm of Zot.
 53473 | Depths:4 | Found a one-way gateway to a ziggurat.
 53682 | Depths:4 | Found Mur Atoica's Book Boutique.
 53703 | Depths:4 | Found Zaffycos's General Store.
 53703 | Depths:4 | Found Mopp's Book Shop.
 53707 | Depths:4 | Found Moof's Armour Shop.
 53767 | Depths:4 | Noticed a juggernaut
 53778 | Depths:4 | Killed a juggernaut
 53779 | Depths:4 | Reached skill level 18 in Ice Magic
 54453 | Zig:1    | Entered Level 1 of a ziggurat
 54478 | Zig:2    | Entered Level 2 of a ziggurat
 54557 | Zig:3    | Entered Level 3 of a ziggurat
 54560 | Zig:3    | Noticed a dread lich
 54566 | Zig:3    | Killed a dread lich
 54628 | Zig:4    | Entered Level 4 of a ziggurat
 54633 | Zig:4    | Reached skill level 19 in Ice Magic
 54664 | Zig:4    | Learned a level 9 spell: Polar Vortex
 54672 | Zig:5    | Entered Level 5 of a ziggurat
 54723 | Zig:6    | Entered Level 6 of a ziggurat
 54726 | Zig:6    | Noticed a caustic shrike
 54737 | Zig:6    | Killed a caustic shrike
 54758 | Zig:6    | Identified the amulet "Xeanihent" {Fly rN+ Regen+ Str-2
                  | Slay+3}
 54835 | Zig:7    | Entered Level 7 of a ziggurat
 54845 | Zig:7    | Noticed a golden dragon
 54854 | Zig:7    | Killed a golden dragon
 54865 | Zig:7    | Identified the +8 chain mail "Senis" {Int+6}
 54867 | Zig:7    | Got Sif Muna's Atlas of the Flock and Contamination
 54873 | Zig:7    | Identified the +8 glaive of Discomfort {flame, rElec Will+}
 55407 | Orc:2    | Killed Zenata
 55693 | Elf:1    | Reached XP level 25. HP: 160/176 MP: 45/45
 55723 | Elf:1    | Learned a level 9 spell: Shatter
 55731 | Elf:1    | Found Zuenekk's General Store.
 55740 | Elf:1    | Bought a scroll of fog for 68 gold pieces
 55740 | Elf:1    | Bought a potion of resistance for 170 gold pieces
 55915 | Elf:1    | Reached skill level 20 in Ice Magic
 55990 | Elf:1    | Got the Quarto of Impulse
 56298 | Elf:1    | Found Webrooge's Antique Weapon Boutique.
 56657 | Elf:2    | Found a runed translucent door.
 56769 | Elf:2    | Reached skill level 21 in Ice Magic
 56777 | Elf:2    | Identified the +11 falchion of Tirujou {heavy, Will- Int+2
                  | Dex+2}
 56987 | Elf:2    | Noticed redsdead's ghost (journeyman VSFi)
 57020 | Elf:2    | Killed redsdead's ghost
 57138 | Elf:2    | Found Mosuex's Jewellery Boutique.
 57360 | Elf:2    | Found a runed translucent gate.
 57361 | Elf:2    | Found a runed translucent gate.
 57361 | Elf:2    | Found a runed translucent gate.
 57593 | Elf:2    | Found Ydaup's General Store.
 57706 | Elf:3    | Entered Level 3 of the Elven Halls
 58459 | Elf:3    | Found Vawol's One-of-a-Kind Rings.
 58672 | Elf:3    | Reached skill level 22 in Ice Magic
 58807 | Elf:3    | Identified the +9 long sword "Tayfaffy" {flame, rElec Will+
                  | Str-4 Dex+4}
 58978 | Elf:3    | Identified the staff of Kismet {rPois rN+ Summ Necro}
 58993 | Elf:3    | Identified the +0 helmet "Aphigio" {rElec rC++ Regen+
                  | Str-2}
 59053 | Elf:3    | Identified the +0 robe of Boredom {rF+ rC++ Str-5}
 59057 | Elf:3    | Identified the orb of Virtue {guile, rCorr Stlth+ Alchemy}
 59057 | Elf:3    | Identified the amulet "Ukiengif" {Faith Rampage Dex+2}
 59272 | Elf:3    | Got the Codex of the Earth
 59715 | Vaults:5 | Entered Level 5 of the Vaults
 59718 | Vaults:5 | Reached XP level 26. HP: 180/182 MP: 45/45
 59719 | Vaults:5 | Reached skill level 23 in Ice Magic
 59757 | Vaults:4 | You fall into a shaft and drop 1 floor!
 59797 | Vaults:5 | Noticed an ancient lich
 59811 | Vaults:5 | Killed an ancient lich
 59938 | Vaults:5 | Identified the amulet "Molacihy" {Acrobat *Slow rN+ Will+
                  | Int+4}
 59979 | Vaults:5 | Identified the +1 leather armour "Ipteugyr" {rPois rC+
                  | Str+2}
 60054 | Vaults:5 | Identified the ring "Danwuli" {rN+ Str+5 Int+2 SInv}
 60060 | Vaults:5 | Got Cairutt's Commentary on Spectral Arson
 60112 | Vaults:5 | Reached skill level 24 in Ice Magic
 60189 | Vaults:5 | Identified the +0 plate armour of Absolutism {rN+ Str+3
                  | Dex+3}
 60299 | Vaults:5 | Identified the +9 trident "Embalmer" {freeze, rCorr Str+3}
 60668 | Vaults:5 | Got a silver rune of Zot
 60869 | Vaults:5 | Identified the ring "Fudoxem" {rC+ MP+9 Int+2}
 60922 | Vaults:5 | Reached skill level 25 in Ice Magic
 60943 | Vaults:5 | Identified the +11 glaive of Eqowomo {flame, rPois rC+ rN+}
 62584 | Crypt:1  | Killed a royal mummy
 62586 | Crypt:1  | Killed Khufu
 62587 | Crypt:1  | Reached XP level 27. HP: 135/190 MP: 41/45
 62589 | Crypt:1  | Noticed a royal mummy
 62606 | Crypt:1  | Killed a royal mummy
 63435 | Crypt:1  | Reached skill level 26 in Ice Magic
 63991 | Crypt:2  | Noticed an ancient lich
 64005 | Crypt:2  | Killed an ancient lich
 65137 | Crypt:3  | Entered Level 3 of the Crypt
 65321 | Crypt:3  | Found a basalt altar of Yredelemnul.
 65327 | Crypt:3  | Noticed Margery
 65340 | Crypt:3  | Killed Margery
 65341 | Crypt:3  | Reached skill level 27 in Ice Magic
 65438 | Crypt:3  | Identified the +4 scale mail of Forking Paths {Harm rF+}
 65686 | Crypt:3  | Found a staircase to the Tomb.
 65686 | Crypt:3  | Found the +5 scythe "Finisher" {speed, execute}
 65686 | Crypt:3  | Noticed an ancient lich
 65689 | Crypt:3  | Killed an ancient lich
 65996 | Crypt:3  | Identified the +4 quarterstaff of Dunupnot {freeze, Dex+2}
 66432 | Zot:1    | Entered Level 1 of the Realm of Zot
 66461 | Zot:1    | Acquired the ring "Coischyt" {rElec rPois Int+2 Dex+6}
 66529 | Zot:1    | Identified the +5 mace of an ossuary {pain, rC+ Dex+4}
 66983 | Zot:1    | Identified the staff of Accord {rPois rN+ Str-3 Int+5 SInv
                  | Necro}
 67120 | Zot:1    | Identified the +5 lajatang "Vaptisod" {vamp, Fly Will++}
 68963 | Zot:3    | Noticed an orb of fire
 68968 | Zot:3    | Killed an orb of fire
 70012 | Zot:4    | Noticed a Killer Klown
 70015 | Zot:4    | Killed a Killer Klown
 70707 | Zot:5    | Entered Level 5 of the Realm of Zot
 70779 | Zot:5    | Noticed an orb of fire
 70782 | Zot:5    | Noticed an orb of fire
 70785 | Zot:5    | Killed an orb of fire
 70786 | Zot:5    | Gained mutation: You occasionally lose the ability to drink
                  | potions when taking damage. [an orb of fire]
 70792 | Zot:5    | Killed an orb of fire
 70795 | Zot:5    | Noticed a dread lich
 70795 | Zot:5    | Noticed an orb of fire
 70797 | Zot:5    | Noticed a Killer Klown
 70801 | Zot:5    | Killed an orb of fire
 70801 | Zot:5    | Killed a Killer Klown
 70802 | Zot:5    | Killed a dread lich
 70802 | Zot:5    | Noticed an orb of fire
 70806 | Zot:5    | Killed an orb of fire
 70838 | Zot:5    | Lost mutation: You occasionally lose the ability to drink
                  | potions when taking damage. [potion of mutation]
 70838 | Zot:5    | Gained mutation: You are somewhat resistant to further
                  | mutation. [potion of mutation]
 70838 | Zot:5    | Gained mutation: You are partially covered in iridescent
                  | scales. (AC +2) [potion of mutation]
 70978 | Zot:5    | Noticed an orb of fire
 70984 | Zot:5    | Killed an orb of fire
 71029 | Zot:5    | Noticed an orb of fire
 71031 | Zot:5    | Noticed a Killer Klown
 71035 | Zot:5    | Gained mutation: You are weak. (Str -2) [an orb of fire]
 71039 | Zot:5    | Noticed an ancient lich
 71040 | Zot:5    | Killed a Killer Klown
 71041 | Zot:5    | Reached skill level 15 in Shields
 71043 | Zot:5    | Noticed an orb of fire
 71044 | Zot:5    | Killed an orb of fire
 71047 | Zot:5    | Gained mutation: Armour fits poorly on your strangely
                  | shaped body. [an orb of fire]
 71048 | Zot:5    | Killed an ancient lich
 71049 | Zot:5    | Killed an orb of fire
 71054 | Zot:5    | Lost mutation: You are somewhat resistant to further
                  | mutation. [potion of mutation]
 71054 | Zot:5    | Lost mutation: You are weak. (Str -2) [potion of mutation]
 71054 | Zot:5    | Lost mutation: Armour fits poorly on your strangely shaped
                  | body. [potion of mutation]
 71054 | Zot:5    | Gained mutation: Your body sometimes deteriorates upon
                  | taking damage. [potion of mutation]
 71054 | Zot:5    | Gained mutation: You are frail. (-10% HP) [potion of
                  | mutation]
 71054 | Zot:5    | Gained mutation: You possess an exceptional clarity of
                  | mind. [potion of mutation]
 71055 | Zot:5    | Lost mutation: You possess an exceptional clarity of mind.
                  | [potion of mutation]
 71055 | Zot:5    | Lost mutation: You are partially covered in iridescent
                  | scales. (AC +2) [potion of mutation]
 71055 | Zot:5    | Gained mutation: Your flesh is heat resistant. (rF+)
                  | [potion of mutation]
 71055 | Zot:5    | Gained mutation: You are clumsy. (Dex -2) [potion of
                  | mutation]
 71055 | Zot:5    | Gained mutation: Your magical capacity is low. (-10% MP)
                  | [potion of mutation]
 71055 | Zot:5    | Gained mutation: You have hidden genetic potential. [potion
                  | of mutation]
 71056 | Zot:5    | Lost mutation: You have hidden genetic potential. [potion
                  | of mutation]
 71056 | Zot:5    | Lost mutation: You are frail. (-10% HP) [potion of
                  | mutation]
 71056 | Zot:5    | Lost mutation: Your flesh is heat resistant. (rF+) [potion
                  | of mutation]
 71056 | Zot:5    | Gained mutation: You are partially covered in large bone
                  | plates. (SH +4) [potion of mutation]
 71056 | Zot:5    | Gained mutation: Your flesh is cold resistant. (rC+)
                  | [potion of mutation]
 71056 | Zot:5    | Gained mutation: Your muscles are strong. (Str +4, Int/Dex
                  | -1) [potion of mutation]
 71056 | Zot:5    | Gained mutation: Your flesh is very cold resistant. (rC++)
                  | [potion of mutation]
 71556 | Zot:5    | Identified the +2 robe of the Fife {rElec rF+ Int+2 Dex-5}
 72180 | Zot:5    | Got the Orb of Zot
 72725 | D:$      | Escaped with the Orb!

Illustrated notes

Levels and vault maps discovered:
D:1:      minmay_arrival_jagged, layout_rooms
D:2:      layout_rooms, serial_shops, nicolae_shop_rolling_square
D:3:      layout_loops_cross, ebering_ecumenical_altar_petrified,
          kennysheep_generic_room_13, uniq_robin
D:4:      minmay_thinvault, layout_basic, gammafunk_temple_overflow_claw,
          bloody_trog, pdpol_wu_jian_five_deadly_venoms
D:5:      minmay_spotlight, layout_rooms, mainiacjoe_overflow_alcove_3,
          serial_bayou_ford_a, ebering_dispersal_statue_hall
D:6:      layout_gridville, minmay_temple_entry_drinking_statues,
          ebering_ghost_rock_garden, minmay_misc_feat_hallway
D:7:      layout_basic, old_standard_altar, nicolae_ossuary_entry_plus
D:8:      minmay_goldmine, layout_loops_corners, ebering_ghost_gozag,
          serial_shops, shop, chequers_serial_rivers_micro_e
D:9:      nicolae_BIG_FREAKIN_CUBE, layout_rooms, okawaru_trees_2,
          erik_lair_orcish_takeover, serial_undead, serial_undead_c,
          serial_undead_d, serial_undead_d, serial_undead_d
D:10:     layout_roguey, orc_david_3, ebering_ghost_funeral_grove,
          nicolae_concentric_dashed_squares_wild, uniq_josephine, uniq_lodul
D:11:     cheibrodos_orc_bank, layout_basic, dreamdust_princess_bridge
D:12:     layout_roguey [special_room_orc]
D:13:     layout_long_grid, ximxim_vaults_locker_room, minmay_misc_feat_rugged,
          tgw_sif
D:14:     layout_irregular_city, minmay_crystal_room, amcnicky_mini_pool_medium,
          uniq_louise
D:15:     vault_1, layout_loops_ring, hangedman_abyss_or_decor_stabs,
          chequers_garden, nicolae_shop_vocational
Lair:1:   layout_chaotic_city, portal_ice_cave_entry_ice_simulacra,
          dreamdust_gnoll_shepherd, uniq_urug
Lair:2:   layout_loops_ring, nicolae_swamp_entry_spooky, grunt_megastairs_3,
          uniq_gastronok
Lair:3:   layout_roguey, guppyfry_snake_entry_island, tgw_fedhas
Lair:4:   layout_misc_corridors, dpeg_slime_entry_enclosed,
          minmay_shattered_shrine
Lair:5:   minmay_lair_end_frog_pond, layout_regular_city,
          chequers_serial_rivers_micro_e, serial_bayou_crossing
Swamp:1:  layout_falls_marsh, nicolae_swamp_bean_lake
Swamp:2:  layout_basic_swamp, evilmike_swamp_ruin_rubble_1, swamp_pool_1_2,
          nicolae_swamp_feature_on_the_river_bank, uniq_donald, uniq_jorgrun
Swamp:3:  layout_basic_swamp, serial_swamp_ruin, evilmike_swamp_ruin_house_4,
          evilmike_swamp_ruin_house_1, evilmike_swamp_ruin_house_2, uniq_nikola
Swamp:4:  swamp_old_school, layout_basic_swamp, uniq_aizul
Snake:1:  layout_rooms, nicolae_snake_yet_another_twisty_hallway, uniq_roxanne
Snake:2:  layout_cave_pods, nicolae_twisty_statue_hallways,
          nicolae_triple_integral, serial_bayou_shore_a
Snake:3:  layout_cave_town, serial_shops, shop_statue, minmay_shop_star
Snake:4:  snake_pit_salamanders_mu, layout_chambers, serial_bayou_lagoon_a
Orc:1:    layout_caves
Orc:2:    grunt_orc_tribal_feast, layout_caves
Elf:1:    minmay_elf_arrival_circle, layout_geoelf_diagonals, serial_shops,
          nicolae_shop_trees, nicolae_shop_dealshenge, minmay_elf_annihilation,
          drop_trap, lemuel_flamethrower_hall, uniq_zenata
Elf:2:    nicolae_elf_blades_crystal_corner, layout_loops_cross, serial_shops,
          shop, nicolae_shop_advertising_works [nicolae_subvault_shop_adworks],
          special_room [special_room_mythical_zoo], gammafunk_ghost_grave
Elf:3:    elf_hall_gauntlet_wide, layout_gridlike, nicolae_shop_unique_rings,
          dk_noncrumbling_4, hangedman_elf_disciples
Vaults:1: nicolae_vaults_storage_room_water, ontoclasm_vaults_eye,
          serial_library_hellmonk_open_cross, nicolae_vaults_apartment_1,
          hangedman_vaults_corner, ontoclasm_vaults_hangar, v_misc_13,
          vaults_mumra_minichess_inversion, layout_vaults_ring,
          serial_magic_research, hangedman_research_quantum,
          hangedman_research_toxicology, hangedman_research_probablistics,
          hangedman_research_thanatology, hangedman_research_electronics,
          hangedman_research_geology, uniq_asterion
Vaults:2: ebering_ghost_disaster_area, minmay_crypt_entry_simple_plaza,
          vaults_dpeg_encased_lava, hangedman_vaults_slither,
          nicolae_vaults_tangram_2, v_alt_pattern_1,
          nicolae_vaults_double_plus_1, nicolae_vaults_network_periphery,
          v_misc_29, nicolae_vaults_closet_pinwheel_5, dpeg_vaults_monster_box,
          layout_vaults_big_cross, serial_shops, nicolae_shop_hallway_plus,
          uniq_xtahua, uniq_bai_suzhen, uniq_frederick
Vaults:3: nicolae_vaults_closet_pinwheel_4, nicolae_vaults_little_squares_5,
          ontoclasm_vaults_ring_square, nicolae_vaults_trapezoid_4,
          nicolae_vaults_thirteen_compartments,
          nicolae_vaults_doubleplus_tesselated,
          nicolae_vaults_closet_pinwheel_3, ontoclasm_vaults_fault,
          ontoclasm_vaults_ring_large, nicolae_vaults_trapezoid_lopsided_3,
          v_misc_5, nicolae_vaults_little_squares_3, v_rooms_1,
          layout_vaults_omnibox, serial_shops, shop
Vaults:4: ontoclasm_vaults_loading_screen, nicolae_vaults_little_ls, v_misc_23,
          serial_library_hellmonk_open_square,
          nicolae_vaults_variable_pillar_hall, nicolae_vaults_specimen_jars,
          nicolae_vaults_closet_pinwheel_1, layout_vaults_omnigrid
Vaults:5
Crypt:1:  layout_misc_corridors, minivault_11, grunt_crypt_arrival_split,
          uniq_sojobo, uniq_khufu
Crypt:2:  layout_basic, minmay_misc_feat_pillars, nicolae_crypt_crumbling_hall
Crypt:3:  grunt_crypt_end_deaths_head, uniq_margery
Depths:1: layout_roguey, hellmouth_2, mu_enter_wizlab_1, solitary_fountain,
          vehumet_crystals
Depths:2: minmay_eyes, layout_gridlike, hangedman_coc_ice_floe, chequers_jeans,
          rand_demon_pan_entry_5, serial_shops, kennysheep_mini_moat,
          chequers_serial_rivers_micro_b, nicolae_shop_gadgets,
          minmay_staircase_statues
Depths:3: lemuel_minitomb, layout_cave_pools, hell_entry,
          abyss_entry_small_statue_room, minmay_misc_feat_columns,
          minmay_misc_feat_five, st_stairs_6, minivault_21
Depths:4: grunt_zot_entry_funnels, layout_basic, enter_ziggurat_f,
          pf_hell_entry_tar_river, serial_sigils_hangedman_stare,
          minmay_stone_trees_small, minmay_shoptagon, uniq_josephina
Zot:1:    gammafunk_mikee_crab_dinner, layout_misc_corridors,
          regret_index_zotdec_gossamer_parallel
Zot:2:    layout_gridlike, hangedman_zot_decor_scrapings
Zot:3:    layout_cellular_growth, regret_index_zotdec_ex
Zot:4:    kennysheep_room_grid, layout_gridlike
Zot:5:    layout_cathedral_of_symmetry

Skill      XL: |  1  2  3  4  5  6  7  8  9 10 11 12 13 14 15 16 17 18 19 20 21 22 23 24 25 26 27 |
---------------+----------------------------------------------------------------------------------+-----
Conjurations   | 1 2 3 5 7 8 9 10 11 12 13 14 | 14.0
Dodging        | 2 3 4 5 7 8 10 12 14 15 | 15.2
Earth Magic    | 4 5 6 9 11 12 13 14 15 16 17 18 19 20 25 | 25.0
Stealth        | 3 4 5 6 8 |  8.0
Spellcasting   | 3 4 5 7 8 9 10 11 12 13 14 15 16 17 18 22 | 22.0
Fighting       | 1 2 4 5 6 8 9 10 13 | 13.5
Armour         | 1 2 4 5 6 8 9 10 13 | 13.5
Staves         | 1 3 4 5 6 7 8 9 10 | 10.0
Evocations     | 1 3 4 5 6 8 9 10 | 10.0
Ice Magic      | 1 5 8 9 10 11 12 13 14 16 19 22 25 27 | 27.0
Shields        | 2 7 9 10 11 12 15 | 15.0
Necromancy     | 4 6 |  6.0
Short Blades   | |  0.4

Action                     |  1- 3 |  4- 6 |  7- 9 | 10-12 | 13-15 | 16-18 | 19-21 | 22-24 | 25-27 || total
---------------------------+-------+-------+-------+-------+-------+-------+-------+-------+-------++-------
  Melee: Unarmed           |     8 |       |       |       |       |       |       |       |       ||     8
         Short sword       |    44 |    22 |       |       |       |       |       |       |       ||    66
         Dagger            |       |     8 |       |       |       |       |       |       |       ||     8
         Staff             |       |     4 |    59 |    53 |   169 |    83 |   202 |   212 |   435 ||  1217
  Throw: Stone             |     1 |     1 |       |       |       |       |       |       |       ||     2
   Cast: Sandblast         |    13 |    70 |   149 |   236 |    47 |     3 |       |       |       ||   518
         Stone Arrow       |       |       |     8 |    95 |   271 |    57 |    16 |    65 |    57 ||   569
         Brom's Barrelling |       |       |       |    29 |    30 |     1 |     6 |       |       ||    66
         Iskenderun's Batt |       |       |       |     8 |    27 |     5 |     1 |    14 |     3 ||    58
         Passwall          |       |       |       |     2 |       |       |       |       |     1 ||     3
         Lee's Rapid Decon |       |       |       |       |    54 |    20 |    47 |    47 |    33 ||   201
         Permafrost Erupti |       |       |       |       |    88 |   291 |   308 |   391 |   444 ||  1522
         Borgnjor's Vile C |       |       |       |       |       |       |    24 |    33 |    53 ||   110
         Polar Vortex      |       |       |       |       |       |       |       |       |   100 ||   100
         Shatter           |       |       |       |       |       |       |       |       |    32 ||    32
Ability: Dig               |       |       |     1 |     3 |     4 |       |       |     5 |     4 ||    17
         Shaft Self        |       |       |       |       |       |       |       |       |     1 ||     1
  Evoke: Wand              |       |       |     8 |    19 |     4 |     5 |     6 |     3 |       ||    45
         Lightning rod     |       |       |       |       |       |     4 |       |     5 |       ||     9
         Tin of tremorston |       |       |       |       |       |     2 |     2 |     2 |       ||     6
         Box of beasts     |       |       |       |       |       |     1 |       |     1 |     1 ||     3
         Phantom mirror    |       |       |       |       |       |     1 |       |     1 |       ||     2
         Gell's gravitambo |       |       |       |       |       |       |       |     2 |     1 ||     3
    Use: Scroll            |       |       |    10 |       |    11 |     7 |     4 |     3 |    11 ||    46
         Potion            |       |       |     1 |       |     2 |     1 |       |     9 |    17 ||    30
   Stab: Sleeping          |     1 |     2 |       |       |     1 |       |     2 |       |     1 ||     7
         Distracted        |     1 |       |       |       |       |       |     1 |     2 |     2 ||     6
 Armour: Robe              |    16 |       |       |       |       |       |       |       |       ||    16
         Ring mail         |    12 |    35 |    96 |   161 |       |       |       |       |       ||   304
         Troll leather arm |       |       |       |    18 |   158 |    26 |       |       |       ||   202
         Leather armour    |       |       |       |     9 |    28 |       |       |       |       ||    37
         Quicksilver drago |       |       |       |       |       |    35 |   125 |   206 |   521 ||   887
         Swamp dragon scal |       |       |       |       |       |     8 |    72 |       |       ||    80
  Dodge: Dodged            |    29 |    16 |    69 |   121 |   145 |    51 |   106 |   106 |   276 ||   919
  Block: Buckler           |       |       |       |       |     3 |     7 |       |       |       ||    10
         Kite shield       |       |       |       |       |       |    89 |   233 |   213 |   560 ||  1095
         Reflection        |       |       |       |       |       |     6 |    34 |    11 |    25 ||    76
         Form:             |       |       |       |       |     1 |       |       |       |       ||     1
         Death             |       |       |       |       |     1 |       |       |       |       ||     1

Table legend: (Time is in decaauts)
 A = Elapsed time spent in this place.
 B = Non-inter-level travel time spent in this place.
 C = Inter-level travel time spent in this place.
 D = Time resting spent in this place.
 E = Time spent auto-exploring this place.
 F = Levels seen in this place.
 G = Mean time per level.
                   A        B        C        D        E       F      G
               +--------+--------+--------+--------+--------+-----+--------+
         Total |  73151 |  65637 |   7514 |  14276 |  35939 |  60 | 1219.2 |
       Dungeon |  18919 |  16576 |   2343 |   3033 |   9569 |  15 | 1261.3 |
          Lair |   8101 |   7532 |    569 |   1661 |   4309 |   5 | 1620.2 |
         Swamp |   3941 |   3681 |    260 |    864 |   2176 |   4 |  985.2 |
     Snake Pit |   6189 |   5753 |    436 |    905 |   3993 |   4 | 1547.2 |
  Orcish Mines |   2444 |   2118 |    326 |    630 |   1135 |   2 | 1222.0 |
   Elven Halls |   3884 |   3363 |    521 |    517 |   1895 |   3 | 1294.7 |
        Vaults |  10817 |   9410 |   1407 |   1614 |   5532 |   5 | 2163.4 |
         Crypt |   3716 |   3376 |    340 |    496 |   1781 |   3 | 1238.7 |
        Depths |   5840 |   5172 |    668 |   1067 |   2958 |   4 | 1460.0 |
           Zot |   5839 |   5200 |    639 |   1794 |   2057 |   5 | 1167.8 |
      Ziggurat |    431 |    431 |      0 |    168 |      0 |   7 |   61.6 |
       Ossuary |    266 |    266 |      0 |     82 |      0 |   1 |  266.0 |
      Ice Cave |   1426 |   1426 |      0 |    772 |    209 |   1 | 1426.0 |
        Wizlab |   1332 |   1332 |      0 |    672 |    323 |   1 | 1332.0 |
               +--------+--------+--------+--------+--------+-----+--------+

Top non-repeatable levels by time:
Vaults:1: 2863 daAuts
Vaults:2: 2669 daAuts
 Snake:4: 2257 daAuts
Vaults:5: 2222 daAuts
    D:15: 2168 daAuts
 Snake:2: 2036 daAuts
  Lair:5: 1958 daAuts
    D:10: 1936 daAuts
   Orc:2: 1871 daAuts
  Lair:2: 1686 daAuts
  Lair:4: 1669 daAuts
Vaults:3: 1647 daAuts
   Elf:3: 1634 daAuts
     D:8: 1632 daAuts
    D:13: 1585 daAuts
